Map: Abiogênese LE

Players

Pitchocco - Winner!

  • Race: Terran Terran
  • League: Gold
  • Spawn Location: 11:00

IagoAbreu

  • Race: Protoss Protoss
  • League: Silver
  • Spawn Location: 5:00

VOD

Have the link to the VOD?

Description

Time

  • Played on: March 9, 2018, 5:43 p.m.
  • Length: 12:07
Show
View Real Time Build Order
Export as new Build Order

Pitchocco Terran - Winner!

Build Orders:  

Get SALT Encoding   

  12  0:01  SCV  
  13  0:13  SCV  
  14  0:18  Supply Depot  
  14  0:26  Refinery  
  14  0:41  Barracks  
  14  0:42  SCV  
  15  0:54  SCV  
  16  1:02  Supply Depot  
  16  1:06  SCV  
  17  1:16  Refinery  
  18  1:18  SCV  
  18  1:32  Factory  
  18  1:33  SCV  
  19  1:51  SCV  
  20  2:30  Factory Tech Lab  
  20  2:33  Armory  
  20  2:35  Orbital Command  
  19  2:55  Starport  
  19  3:01  SCV  
  20  3:13  SCV  
  20  3:19  Thor  
  27  3:31  Starport Tech Lab  
  27  3:33  SCV  
  28  3:50  Raven  
  30  4:25  Command Center  
  30  4:31  Thor  
  36  4:32  Supply Depot  
  36  4:42  Terran Vehicle Weapons Level 1  
  36  4:56  SCV  
  37  5:09  Medivac  
  35  6:25  SCV  
  35  6:33  Marine, Siege Tank  
  35  6:37  SCV  
  40  6:51  Marine  
  25  7:59  Marine  
  25  8:01  SCV  
  27  8:13  SCV  
  27  8:16  Marine  
  28  8:25  SCV  
  29  8:34  Marine  
  29  8:37  SCV  
  31  8:49  SCV  
  30  9:01  SCV  
  29  9:13  SCV  
  30  9:25  SCV  
  31  9:38  SCV  
  32  9:43  Siege Tank  
  35  9:50  SCV  
  36  10:02  SCV  
  38  10:14  SCV  
  37  10:26  SCV  
  38  10:49  Marine  
  39  11:07  Marine  
  40  11:20  SCV  
  40  11:24  Marine  
  42  11:26  SCV  
  42  11:32  SCV  
  44  11:38  SCV  
  45  11:44  SCV  
  46  11:50  SCV  
Show
View Real Time Build Order
Export as new Build Order

IagoAbreu Protoss 

Build Orders: Double Forge 

Get SALT Encoding   

  12  0:09  Pylon  
  12  0:18  Probe (Chrono Boost)  
  14  0:29  Probe (Chrono Boost)  
  14  0:36  Forge  
  14  0:38  Probe  
  15  0:47  Pylon  
  15  0:58  Forge  
  15  1:01  Probe  
  16  1:13  Gateway, Probe  
  17  1:26  Assimilator  
  17  1:30  Probe  
  17  1:31  Assimilator  
  18  1:46  Photon Cannon x2  
  18  1:56  Probe (Chrono Boost)  
  19  2:06  Probe (Chrono Boost)  
  19  2:07  Gateway  
  20  2:36  Probe (Chrono Boost)  
  21  2:44  Protoss Ground Weapons Level 1 (Chrono Boost)  
  21  2:45  Probe (Chrono Boost)  
  21  2:50  Probe (Chrono Boost)  
  22  2:55  Cybernetics Core  
  23  3:06  Gateway  
  23  3:18  Pylon  
  23  3:26  Gateway  
  23  3:35  Adept  
  23  3:40  Adept  
  27  3:46  Pylon  
  27  3:54  Adept  
  29  4:06  Stargate  
  29  4:10  Stargate  
  29  4:35  Adept  
  29  4:36  Adept x3  
  37  4:56  Oracle x2  
  35  5:56  Adept x4  
  31  6:29  Adept x4  
  39  6:38  Nexus  
  39  7:25  Pylon  
  39  7:28  Pylon  
  23  7:41  Adept x4  
  19  8:33  Probe (Chrono Boost)  
  8  9:15  Zealot x4  
  8  9:16  Probe (Chrono Boost)  
  13  9:26  Probe (Chrono Boost)  
  14  9:31  Probe (Chrono Boost)  
  15  9:43  Probe  
  16  9:48  Zealot  
  16  9:49  Zealot  
  20  9:55  Probe  
  1  11:26  Pylon  
Tags
 
Add a new tag
Caveats
  • Supply blocks, unpowered buildings, or Contaminate may cause inaccurate times.
  • Supply counts are checked every 10 seconds.